Map: Honorgrounds LE

Players

Musumeci - Winner!

  • Race: Zerg Zerg
  • League: Diamond
  • Spawn Location: 1:00

IIIllIIlIlII

  • Race: Zerg Zerg
  • Spawn Location: 5:00

VOD

Have the link to the VOD?

Description

Time

  • Played on: March 8, 2017, 1:04 p.m.
  • Length: 9:27
Show
View Real Time Build Order
Export as new Build Order

Musumeci Zerg - Winner!

Build Orders: Pool First, Zergling Baneling 

Get SALT Encoding   

  12  0:01  Drone  
  13  0:08  Drone  
  14  0:14  Extractor  
  14  0:15  Drone  
  15  0:28  Overlord  
  15  0:36  Extractor  
  15  0:38  Drone, Extractor  
  16  0:46  Drone x2  
  18  0:53  Extractor  
  18  0:56  Spawning Pool  
  16  1:11  Evolution Chamber  
  15  1:28  Hatchery  
  14  1:36  Drone x2  
  14  1:38  Drone  
  18  1:51  Queen  
  20  2:02  Metabolic Boost  
  20  2:10  Spine Crawler  
  20  2:12  Zergling x2  
  20  2:15  Zergling x2  
  21  2:19  Zergling x2  
  22  2:30  Baneling Nest  
  21  2:39  Queen  
  22  3:20  Baneling x2  
  22  3:23  Zergling x2  
  22  3:24  Zergling x10  
  26  3:43  Zergling x4  
  28  3:49  Overlord  
  28  3:52  Baneling x2  
  27  4:15  Zergling x2  
  27  4:16  Zergling x10  
  27  4:23  Zergling x12  
  32  4:27  Evolution Chamber  
  31  4:42  Zergling x2  
  31  4:43  Zergling x2  
  33  4:53  Baneling x10  
  19  5:30  Zergling x16  
  27  5:41  Zerg Ground Armor Level 1  
  27  5:49  Zergling x2  
  27  5:54  Baneling  
  27  5:55  Baneling  
  24  6:04  Zergling x6  
  19  6:25  Zergling x6  
  21  6:31  Baneling  
  21  6:32  Baneling  
  21  6:34  Baneling  
  17  6:50  Zergling x2  
  17  6:51  Zergling x4  
  20  7:05  Drone x2  
  21  7:16  Drone x2  
  21  7:20  Drone  
  23  7:32  Baneling  
  23  7:43  Drone x3  
  23  7:44  Drone  
  27  7:48  Baneling  
  27  7:52  Zergling x2  
  27  7:57  Drone  
  29  7:59  Baneling  
  30  8:05  Zergling x4  
  31  8:23  Zergling x4  
  31  8:24  Zergling x4  
  34  9:02  Zergling x10  
  36  9:03  Overlord  
  36  9:05  Baneling x2  
Show
View Real Time Build Order
Export as new Build Order

IIIllIIlIlII Zerg 

Build Orders: Hatch First 

Get SALT Encoding   

  12  0:10  Drone  
  13  0:18  Overlord  
  13  0:19  Drone  
  14  0:36  Drone x2  
  16  0:43  Drone  
  17  0:57  Hatchery  
  16  1:08  Extractor  
  16  1:11  Spawning Pool  
  14  1:14  Drone  
  14  1:18  Drone  
  16  1:23  Drone  
  17  1:38  Drone  
  17  1:39  Overlord  
  18  1:59  Queen, Drone x2  
  22  2:06  Evolution Chamber  
  21  2:10  Metabolic Boost  
  21  2:17  Drone  
  21  2:18  Drone  
  21  2:21  Drone  
  21  2:22  Drone  
  25  2:30  Queen  
  25  2:32  Drone  
  28  2:38  Drone  
  28  2:42  Drone x2  
  31  2:50  Zerg Melee Weapons Level 1  
  31  2:52  Zergling x2  
  32  3:04  Zergling x4  
  32  3:05  Zergling x2  
  35  3:08  Zergling x4  
  36  3:16  Overlord  
  30  3:43  Drone x2, Extractor  
  31  3:52  Zergling x4  
  31  3:53  Zergling x8  
  36  4:05  Zergling x6  
  36  4:06  Zergling x2  
  35  4:19  Zergling x8  
  38  4:44  Overlord x2  
  38  4:46  Zergling x10  
  38  4:49  Overlord  
  43  4:59  Hatchery  
  42  5:00  Overlord  
  27  5:30  Zergling x2  
  27  5:31  Zergling x10  
  33  5:40  Zergling x2  
  33  5:41  Zergling x2  
  35  5:45  Zergling x2  
  35  5:50  Zergling x2  
  35  5:54  Zergling x2  
  36  5:57  Zergling x6  
  36  6:14  Zergling x2  
  36  6:15  Zergling x4  
  36  6:16  Zergling x2  
  33  6:26  Zergling x2  
  33  6:30  Drone x2  
  35  6:33  Zergling x4  
  31  6:47  Zergling x12  
  36  6:59  Zergling x2  
  36  7:02  Drone x3  
  36  7:05  Lair  
  38  7:20  Drone x4  
  40  7:39  Drone x6  
  40  7:42  Drone x3  
  49  7:51  Baneling Nest  
  48  7:52  Extractor  
  48  7:53  Drone  
  48  7:55  Drone  
  48  7:57  Drone  
  50  8:02  Drone  
  50  8:04  Drone  
  50  8:05  Drone  
  53  8:15  Spire  
  53  8:19  Drone x4  
  56  8:21  Drone  
  56  8:22  Drone x3  
  60  8:30  Overlord x2  
  60  8:36  Drone  
  60  8:37  Drone  
  60  8:38  Drone  
  60  8:39  Drone  
  64  8:43  Extractor  
  56  8:59  Zergling x16  
  56  9:00  Zergling x2  
  54  9:07  Zergling x2  
Tags
 
League
Diamond
Matchup
ZvZ
Race
Zerg
Replay Pack
replay pack
Spawn Locations
Close Positions
Add a new tag
Caveats
  • Supply blocks, unpowered buildings, or Contaminate may cause inaccurate times.
  • Supply counts are checked every 10 seconds.